 Dungeon Crawl Stone Soup version 0.31.0-11-ge490571c62 (webtiles) character file.

Game seed: 10613225871769633679

4635 cdecastro the Thaumaturge (level 10, -5/59 HPs)
             Began as a Deep Elf Fire Elementalist on Feb 9, 2024.
             Was a Priest of Sif Muna.
             Slain by an orc warrior
             ... wielding a +0 war axe
              (17 damage)
             ... in a bailey.
             The game lasted 00:19:56 (9733 turns).

cdecastro the Thaumaturge (DEFE)                    Turns: 9733, Time: 00:19:57

Health: -5/59      AC:  3    Str:  5    XL:     10   Next: 20%
Magic:  22/26      EV: 12    Int: 31    God:    Sif Muna [***...]
Gold:   458        SH:  0    Dex: 15    Spells: 9/29 levels left

rFire   + . .        e - +2 dagger (venom)
rCold   . . .        (no shield)
rNeg    . . .        a - +0 robe
rPois   .            (no helmet)
rElec   .            (no cloak)
rCorr   .            (no gloves)
SInv    .            l - +0 pair of boots
Will    +....        w - amulet of the acrobat
Stlth   ++           o - +6 ring of intelligence
HPRegen 0.29/turn    B - ring of protection from fire
MPRegen 0.20/turn

%: acrobat
@: no status effects
A: no striking features
a: Renounce Religion, Channel Magic, Forget Spell


You were in a bailey.
You worshipped Sif Muna.
Sif Muna was most pleased with you.
You visited 2 branches of the dungeon, and saw 10 of its levels.
You also visited: Bailey.

You collected 458 gold pieces.

Inventory:

Hand Weapons
 e - a +2 dagger of venom (weapon)
Armour
 a - a +0 robe (worn)
 l - a +0 pair of boots (worn)
 y - a scarf of harm
 J - a +0 cloak
 L - +0 acid dragon scales
Jewellery
 o - a +6 ring of intelligence (left hand)
 w - an amulet of the acrobat (around neck)
 B - a ring of protection from fire (right hand)
 G - a ring of flight
 K - a ring of willpower
Talismans
 C - a serpent talisman
 E - a dragon-blood talisman
 F - a flux talisman
Wands
 z - a wand of flame (9)
 D - a wand of paralysis (3)
Scrolls
 c - 3 scrolls of teleportation {unknown}
 d - a scroll of acquirement {unknown}
 f - a scroll of blinking {unknown}
 i - 2 scrolls of fear {unknown}
 m - a scroll of enchant weapon {unknown}
 n - 3 scrolls of torment {unknown}
 s - a scroll of poison {unknown}
 t - 6 scrolls of identify {unknown}
 A - 2 scrolls of vulnerability {unknown}
 H - 2 scrolls of revelation {unknown}
 I - a scroll of enchant armour {unknown}
 M - a scroll of silence {unknown}
Potions
 g - 2 potions of attraction {unknown}
 h - a potion of resistance {unknown}
 j - a potion of cancellation {unknown}
 k - a potion of brilliance {unknown}
 p - 4 potions of heal wounds {unknown}
 q - a potion of lignification {unknown}
 r - a potion of invisibility {unknown}
 u - a potion of degeneration {unknown}
 v - 5 potions of curing {unknown}
 x - a potion of haste {unknown}


   Skills:
 - Level 5.0 Fighting
 - Level 2.4 Dodging
 - Level 2.4 Stealth
 - Level 10.0 Spellcasting
 - Level 10.0 Conjurations
 + Level 8.6 Fire Magic


You had 9 spell levels left.
You knew the following spells:

 Your Spells              Type           Power      Damage    Failure   Level
a - Foxfire               Conj/Fire      100%       2x1d9     1%          1
b - Scorch                Fire           100%       2d9       1%          2
c - Inner Flame           Hex/Fire       42%        N/A       1%          3
d - Volatile Blastmotes   Fire/Tloc      84%        2d17      1%          3
e - Flame Wave            Conj/Fire      65%        2d15      1%          4
f - Summon Blazeheart Go  Fire/Summ      42%        N/A       5%          4
g - Mephitic Cloud        Conj/Alch/Air  36%        N/A       2%          3

Your spell library contained the following spells:

 Spells                   Type           Power      Damage    Failure   Level
 Sting                    Conj/Alch      100%       1d9       1%          1
 Necrotise                Necr           60%        1d7       3%          1
 Summon Small Mammal      Summ           60%        N/A       3%          1
 Lesser Beckoning         Tloc           30%        N/A       4%          2
 Mercury Vapours          Alch/Air       30%        N/A       4%          2
 Call Canine Familiar     Summ           15%        N/A       10%         3
 Gell's Gravitas          Tloc           15%        N/A       10%         3
 Teleport Other           Tloc           15%        N/A       10%         3
 Vampiric Draining        Necr           15%        2d7       10%         3
 Freezing Cloud           Conj/Ice/Air   18%        6-21      24%         5
 Martyr's Knell           Necr/Summ      15%        N/A       32%         4
 Olgreb's Toxic Radiance  Alch           15%        N/A       32%         4
 Curse of Agony           Necr           15%        N/A       65%         5


Dungeon Overview and Level Annotations

Branches:
Dungeon (9/15)             Temple (1/1) D:4             Orc (0/2) D:9
 Bailey (1/1)
   Lair: D:8-11

Altars:
Ashenzari
Cheibriados
Dithmenos
Fedhas
Gozag
Kikubaaqudgha
Nemelex Xobeh
Qazlal
Ru
Sif Muna
Trog
Uskayaw
Wu Jian
Yredelemnul

Shops:
D:6 (   D:9 (

Annotations:
D:2 1 runed translucent door, Crazy Yiuf


Message History

a +0 hand axe; a +0 leather armour; a goblin corpse You hit the orc warrior but do no damage.
The orc warrior is moderately wounded.
The orc warrior hits you but does no damage.
You hit the orc warrior but do no damage.
The orc warrior is moderately wounded.
The orc warrior hits you with a +0 war axe!
You closely miss the orc warrior.
The orc warrior is moderately wounded.
The orc warrior hits you with a +0 war axe!
You hit the orc warrior but do no damage.
The orc warrior is poisoned.
The orc warrior is moderately wounded.
The orc warrior hits you with a +0 war axe!
* * * LOW HITPOINT WARNING * * *
The hobgoblin barely misses you.
Unknown command.
You hit the orc warrior but do no damage.
The orc warrior looks even sicker.
The orc warrior is moderately wounded.
The orc warrior closely misses you.
The hobgoblin hits you with a +0 war axe.
* * * LOW HITPOINT WARNING * * *
Unknown command.
There is a fountain of clear blue water here.
Okay, then.
Unknown command.
Magic courses through your body.
The orc warrior is no longer more vulnerable to fire.
The orc warrior barely misses you.
The hobgoblin hits you with a +0 war axe!
* * * LOW HITPOINT WARNING * * *
Unknown command.
Casting: Scorch (safe; 1% risk of failure)
Confirm with . or Enter, or press ? or * to list all spells.
Flames lash the hobgoblin.
You kill the hobgoblin!
Sif Muna accepts your kill.
The orc warrior hits you with a +0 war axe!
You die...

#...........).....
#.......)...#..... ##
###....).)..##.....
##.##
###.###.....###♣.....
.....##
###.....#'#.### ♣♣♣...
.......###.....))..###
♣♣♣♣
..).....#.....).....#
.)......#...........#
..).....#.....o@....#
...o..).'....)).....#
........#...........#
.......###)........##
.....## ###.....###
##.## ###.### # ###


You could see an orc warrior (very poisoned).

Vanquished Creatures
  An orc knight (Bailey)
  Joseph (D:7)
  Grinder (D:6)
  A shadow (D:9)
  Sigmund (D:4)
  A wyvern (D:9)
  3 yaks (D:9)
  An acid dragon (D:9)
  4 water moccasins
  4 orc warriors (Bailey)
  2 sky beasts
  A bullfrog (D:8)
  3 scorpions
  A gnoll sergeant (D:5)
  A wight (D:7)
  An electric eel (D:6)
  3 howler monkeys
  3 bombardier beetles
  3 hounds
  A gnoll bouda (D:7)
  8 orc priests
  2 jellies
  3 iguanas
  7 orc wizards
  13 gnolls
  16 adders
  2 shadow imps
  2 white imps
  An ufetubus (D:6)
  2 dart slugs
  3 ribbon worms
  23 orcs
  10 ball pythons
  5 endoplasms
  9 giant cockroaches
  25 goblins
  20 hobgoblins
  9 jackals
  3 quokkas
  6 bats
  3 frilled lizards
  9 kobolds
  5 rats
223 creatures vanquished.

Vanquished Creatures (collateral kills)
  6 foxfires (D:3)
6 creatures vanquished.

Vanquished Creatures (others)
  2 blazeheart cores (Bailey)
  873 foxfires
875 creatures vanquished.

Grand Total: 1104 creatures vanquished

Notes
Turn   | Place    | Note
-------+----------+-------------------------------------------
     0 | D:1      | cdecastro the Deep Elf Fire Elementalist began the quest
                  | for the Orb.
     0 | D:1      | Reached XP level 1. HP: 10/10 MP: 6/6
   184 | D:1      | Reached XP level 2. HP: 15/15 MP: 5/8
   792 | D:1      | Reached XP level 3. HP: 19/19 MP: 4/9
  1418 | D:1      | Reached skill level 5 in Fire Magic
  1897 | D:2      | Reached XP level 4. HP: 21/24 MP: 10/10
  2646 | D:2      | Found a runed translucent door.
  2647 | D:2      | Noticed Crazy Yiuf
  3117 | D:3      | Learned a level 2 spell: Scorch
  3121 | D:3      | Learned a level 3 spell: Inner Flame
  3125 | D:3      | Learned a level 3 spell: Volatile Blastmotes
  3162 | D:3      | Reached XP level 5. HP: 28/28 MP: 5/11
  4195 | D:4      | Reached XP level 6. HP: 26/32 MP: 2/12
  4313 | D:4      | Noticed a sky beast
  4628 | D:4      | Noticed Sigmund
  4646 | D:4      | Killed Sigmund
  4647 | D:4      | Reached XP level 7. HP: 36/36 MP: 9/18
  5202 | D:4      | Found a staircase to the Ecumenical Temple.
  5222 | Temple   | Entered the Ecumenical Temple
  5227 | Temple   | Became a worshipper of Sif Muna the Loreminder
  5416 | D:5      | Entered Level 5 of the Dungeon
  5675 | D:5      | Reached XP level 8. HP: 41/41 MP: 20/23
  6593 | D:6      | Noticed Grinder
  6603 | D:6      | Killed Grinder
  6604 | D:6      | Reached skill level 10 in Spellcasting
  6792 | D:6      | Found Dyckiy's Antique Weapon Shop.
  6888 | D:6      | Found an ornate altar of the Wu Jian Council.
  6938 | D:6      | Found a broken altar of Ashenzari.
  6986 | D:6      | Reached * piety under Sif Muna
  6987 | D:6      | Reached skill level 5 in Conjurations
  7817 | D:7      | Reached XP level 9. HP: 45/45 MP: 18/25
  8300 | D:7      | Noticed Joseph
  8308 | D:7      | Learned a level 4 spell: Flame Wave
  8313 | D:7      | Learned a level 4 spell: Summon Blazeheart Golem
  8336 | D:7      | Killed Joseph
  8562 | D:7      | You fall into a shaft and drop 2 floors!
  8674 | D:9      | Reached ** piety under Sif Muna
  8675 | D:9      | Reached skill level 10 in Conjurations
  8675 | D:9      | Reached skill level 1 in Fighting
  8679 | D:9      | Learned a level 3 spell: Mephitic Cloud
  8912 | D:9      | Found a staircase to the Orcish Mines.
  8948 | D:9      | Found Lourojut's Weapon Emporium.
  8988 | D:8      | Found an ancient bone altar of Kikubaaqudgha.
  9054 | D:8      | Found a flagged portal.
  9096 | Bailey   | Entered a bailey
  9293 | Bailey   | Reached XP level 10. HP: 58/58 MP: 9/26
  9703 | Bailey   | Noticed an orc knight
  9717 | Bailey   | Killed an orc knight
  9717 | Bailey   | Reached *** piety under Sif Muna
  9718 | Bailey   | Reached skill level 5 in Fighting
  9733 | Bailey   | Slain by an orc warrior

Illustrated notes

Levels and vault maps discovered:
D:1:      lemuel_arrival_lava_pool, layout_basic, minmay_misc_feat_rows,
          st_stairs_10
D:2:      layout_basic, minmay_tiny_reverse_x, uniq_crazy_yiuf_cottage
D:3:      layout_loops_cross, minmay_misc_feat_rugged, minmay_hedge_maze,
          chequers_big_river
D:4:      layout_cave_pools, minmay_temple_entry_nine_rooms, uniq_sigmund
D:5:      layout_loops_ring, kennysheep_minor_cross
D:6:      layout_cave_pools, grunt_temple_overflow_open, serial_shops, shop,
          kennysheep_diamond, uniq_grinder
D:7:      layout_loops_ring, dreamdust_divine_triumvirate, uniq_joseph
D:8:      layout_loops_corners, lemuel_coloured_pillars_altar,
          nicolae_kikubaaqudgha_miasma_corner, enter_bailey_3
D:9:      layout_basic, tgw_xom, david_lair_shrubbed, orc_david_3, serial_glass,
          glass_columns_b, glass_columns_c, nicolae_titane
Temple:   minmay_freezing_vapour_temple
Bailey:   bailey_axe_minmay_hex_keep, bailey

Skill      XL: |  1  2  3  4  5  6  7  8  9 10 |
---------------+-------------------------------+-----
Fire Magic     | 4 5 6 7 8 |  8.6
Spellcasting   | 6 9 10 | 10.0
Conjurations   | 7 10 | 10.0
Fighting       | 4 5 |  5.0
Dodging        | |  2.4
Stealth        | |  2.4

Action                     |  1- 3 |  4- 6 |  7- 9 | 10-12 || total
---------------------------+-------+-------+-------+-------++-------
  Melee: Dagger            |    10 |    29 |       |     5 ||    44
   Cast: Foxfire           |    95 |   101 |   256 |    44 ||   496
         Scorch            |       |       |    57 |    14 ||    71
         Summon Blazeheart |       |       |     1 |     1 ||     2
         Flame Wave        |       |       |     1 |       ||     1
    Use: Potion            |       |       |       |     1 ||     1
   Stab: Sleeping          |     2 |     2 |       |       ||     4
 Armour: Robe              |     8 |    14 |    10 |     7 ||    39
  Dodge: Dodged            |    16 |    25 |    14 |     4 ||    59
